 Dungeon Crawl Stone Soup version 0.30.0-5-g1a98f26d00 (webtiles) character file.

Game seed: 9482092365480079716

4165 jasper the Covert (level 10, -3/51 HPs)
             Began as a Spriggan Venom Mage on May 12, 2023.
             Was a Follower of Vehumet.
             Slain by a cyclops (33 damage)
             ... on level 9 of the Dungeon.
             The game lasted 00:14:27 (8980 turns).

jasper the Covert (Spriggan Venom Mage)             Turns: 8980, Time: 00:14:28

Health: -3/51      AC:  4    Str:  4    XL:     10   Next: 7%
Magic:  6/18       EV: 22    Int: 21    God:    Vehumet [*.....]
Gold:   478        SH:  0    Dex: 16    Spells: 1/18 levels left

rFire   + . .        m - +1 short sword (elec)
rCold   . . .        (no shield)
rNeg    . . .        q - +2 robe {rF+}
rPois   .            (helmet restricted)
rElec   .            (no cloak)
rCorr   +            (gloves unavailable)
SInv    +            (boots unavailable)
Will    +....        (no amulet)
Stlth   +++++        h - +4 ring of slaying
HPRegen 0.28/turn    u - ring of resist corrosion
MPRegen 0.16/turn

%: no passive effects
@: very quick
A: very small, no large weapons, unfitting armour, see invisible, speed 3
a: Renounce Religion


You were on level 9 of the Dungeon.
You worshipped Vehumet.
Vehumet was aware of your devotion.
You visited 2 branches of the dungeon, and saw 10 of its levels.

You collected 478 gold pieces.

Inventory:

Hand Weapons
 d - a +0 dagger
 m - a +1 short sword of electrocution (weapon)
Missiles
 s - 15 boomerangs
Armour
 a - a +0 robe
 q - a +2 robe of fire resistance (worn)
Jewellery
 h - a +4 ring of slaying (left hand)
 u - a ring of resist corrosion (right hand)
 E - a +6 ring of intelligence
 H - a ring of fire
Wands
 o - a wand of polymorph (5)
 r - a wand of flame (26)
 w - a wand of roots (19)
 x - a wand of charming (6)
Scrolls
 c - a scroll of fog
 i - a scroll of fear
 l - 4 scrolls of teleportation
 n - 2 scrolls of noise
 t - 3 scrolls of identify
 y - a scroll of amnesia
 z - 3 scrolls of immolation
 B - a scroll of vulnerability
 C - a scroll of enchant weapon
 D - a scroll of blinking
Potions
 b - a potion of magic
 e - 3 potions of attraction
 f - 2 potions of berserk rage
 g - 5 potions of lignification
 j - 4 potions of haste
 k - 5 potions of curing
 p - 2 potions of resistance
 v - 4 potions of flight
 A - 3 potions of brilliance
 F - 2 potions of might
 G - 2 potions of degeneration {unknown}


   Skills:
 - Level 5.0 Fighting
 - Level 8.6 Dodging
 - Level 10.2 Stealth
 + Level 4.7 Spellcasting
 - Level 1.0 Conjurations
 - Level 2.0 Translocations
 - Level 1.3 Transmutations
 - Level 1.0 Air Magic
 - Level 7.0 Poison Magic
 - Level 8.0 Evocations


You had one spell level left.
You knew the following spells:

 Your Spells              Type           Power      Damage    Failure   Level
a - Sting                 Tmut/Pois      88%        1d7       1%          1
b - Poisonous Vapours     Pois/Air       42%        N/A       3%          2
c - Mephitic Cloud        Conj/Pois/Air  17%        N/A       10%         3
d - Olgreb's Toxic Radia  Pois           34%        N/A       6%          4
e - Blink                 Tloc           26%        N/A       8%          2
f - Borgnjor's Vile Clut  Necr/Erth      2%         N/A       97%         5

Your spell library contained the following spells:

 Spells                   Type           Power      Damage    Failure   Level
 Foxfire                  Conj/Fire      28%        2x1d5     9%          1
 Summon Small Mammal      Summ           16%        N/A       11%         1
 Cigotuvi's Dreadful Rot  Necr/Pois/Air  32%        N/A       5%          2
 Lesser Beckoning         Tloc           26%        N/A       8%          2
 Momentum Strike          Conj/Tloc      22%        3d8       9%          2
 Hailstorm                Conj/Ice       7%         3d4       26%         3
 Call Canine Familiar     Summ           4%         N/A       32%         3
 Frozen Ramparts          Ice            8%         1d2       32%         3
 Summon Guardian Golem    Hex/Summ       4%         N/A       32%         3
 Animate Dead             Necr           4%         N/A       73%         4
 Death Channel            Necr           2%         N/A       100%        6


Dungeon Overview and Level Annotations

Branches:
Dungeon (9/15)             Temple (1/1) D:6
   Lair: D:8-11         Orc: D:9-12

Altars:
Ashenzari
Elyvilon
Fedhas
Gozag
Hepliaklqana
Kikubaaqudgha
Makhleb
Okawaru
Ru
Sif Muna
Trog
Uskayaw
Vehumet
Xom

Annotations:
D:4 Grinder
D:9 exclusion: 2 doors


Innate Abilities, Weirdness & Mutations

You are very small and have problems with some larger weapons.
You are too small for most types of armour.
You have supernaturally acute eyesight. (SInv)
You cover ground extremely quickly. (Speed+++)


Message History

Casting: Poisonous Vapours (safe; 3% risk of failure)
Confirm with . or Enter, or press ? or * to list all spells.
Aiming: Poisonous Vapours (safe; 3% risk of failure)
Press: ? - help, Dir - move target, f/p - cyclops
Aim: a cyclops, quivering large rocks (lightly wounded, confused, very poisoned) Poisonous vapours surround the cyclops!
The cyclops looks as sick as possible!
You now have 7/18 mp.
Really walk into that cloud of noxious fumes?
Okay, then.
You are too injured to fight recklessly!
Casting: Poisonous Vapours (safe; 3% risk of failure)
Confirm with . or Enter, or press ? or * to list all spells.
Aiming: Sting (safe; 1% risk of failure)
Press: ? - help, Shift-Dir - straight line, f/p - cyclops
Aim: a cyclops, quivering large rocks (moderately wounded, confused, extremely poisoned, 100% to hit)
The sting hits the cyclops but does no damage.
The cyclops looks as sick as possible!
The cyclops is moderately wounded.
Casting: Sting (safe; 1% risk of failure)
Confirm with . or Enter, or press ? or * to list all spells.
Aiming: Sting (safe; 1% risk of failure)
Press: ? - help, Shift-Dir - straight line, f/p - cyclops
Aim: a cyclops, quivering large rocks (moderately wounded, confused, extremely poisoned, 100% to hit)
The sting hits the cyclops but does no damage.
The cyclops looks as sick as possible!
The cyclops is moderately wounded.
The cyclops mumbles something.
You now have 6/18 mp.
You catch the helpless cyclops completely off-guard!
You puncture the cyclops!
The cyclops is severely wounded.
The cyclops seems less confused.
You hit the cyclops but do no damage.
The cyclops is severely wounded.
The cyclops misses you.
You hit the cyclops.
The cyclops is severely wounded.
The cyclops hits you!!
Ouch! That really hurt!
You die...

....≈ #...# +...# #########
#...# ........# #...#
........####...#
...............#
...............########
...............@C......
.......................
..##+##+#.............. .
#.....#....#++######.#
#.....#....#.......#.#
#.....#....#<......#.#
#.....#....#.......#.# ..
#.....'....#.......#.# ...
#.....#...>#.......#.######...


You could see a cyclops (extremely poisoned).

Vanquished Creatures
  A two-headed ogre (D:8)
  Pikel (D:5)
  Psyche (D:9)
  Eustachio (D:6)
  2 steam dragons
  Edmund (D:6)
  3 water moccasins
  An ice beast (D:6)
  3 ogres
  2 centaurs
  3 phantoms
  4 lemures (D:5)
  2 kobold brigands
  A bullfrog (D:8)
  Blork the orc (D:6)
  3 scorpions (D:6)
  A howler monkey (D:5)
  A gnoll bouda (D:5)
  5 orc priests
  4 hounds
  Jessica (D:3)
  4 iguanas
  Ijyb (D:5)
  5 orc wizards
  Terence (D:2)
  9 gnolls
  7 adders
  A white imp (D:5)
  2 ufetubi (D:6)
  2 worms
  2 dart slugs
  33 orcs
  An endoplasm (D:1)
  4 giant cockroaches
  6 hobgoblins
  4 jackals (D:5)
  7 ball pythons
  4 bats
  5 frilled lizards
  8 goblins
  13 kobolds
161 creatures vanquished.

Notes
Turn   | Place    | Note
-------+----------+-------------------------------------------
     0 | D:1      | jasper the Spriggan Venom Mage began the quest for the Orb.
     0 | D:1      | Reached XP level 1. HP: 9/9 MP: 5/5
   845 | D:2      | Reached XP level 2. HP: 8/13 MP: 2/7
   848 | D:2      | Learned a level 2 spell: Poisonous Vapours
  1252 | D:2      | Reached XP level 3. HP: 16/16 MP: 4/8
  1256 | D:2      | Learned a level 3 spell: Mephitic Cloud
  1327 | D:2      | Identified the +0 leather armour of the Sparrow {rN+}
  1398 | D:2      | Noticed Terence
  1421 | D:2      | Killed Terence
  2315 | D:2      | Reached XP level 4. HP: 21/21 MP: 4/9
  2318 | D:2      | Reached skill level 5 in Poison Magic
  2617 | D:3      | Reached XP level 5. HP: 12/24 MP: 1/10
  2866 | D:3      | Found a shimmering blue altar of Sif Muna.
  2867 | D:3      | Noticed Jessica
  2872 | D:3      | Killed Jessica
  2948 | D:3      | Learned a level 4 spell: Olgreb's Toxic Radiance
  3089 | D:3      | Found a faded altar of an unknown god.
  3106 | D:3      | Found a burning altar of Makhleb.
  3547 | D:4      | Noticed Grinder
  3563 | D:4      | Noticed an ogre
  3586 | D:4      | Killed an ogre
  3587 | D:4      | Reached XP level 6. HP: 14/28 MP: 5/11
  3899 | D:4      | Reached skill level 1 in Air Magic
  3906 | D:4      | Reached skill level 1 in Conjurations
  4029 | D:4      | Reached skill level 1 in Evocations
  4108 | D:4      | Reached XP level 7. HP: 26/32 MP: 12/12
  4462 | D:5      | Entered Level 5 of the Dungeon
  4462 | D:5      | Noticed Ijyb
  4468 | D:5      | Killed Ijyb
  4469 | D:5      | Reached skill level 1 in Fighting
  4588 | D:5      | Reached skill level 4 in Stealth
  4714 | D:5      | Noticed Pikel
  4741 | D:5      | Killed Pikel
  4742 | D:5      | Reached skill level 5 in Dodging
  4742 | D:5      | Reached skill level 5 in Stealth
  4742 | D:5      | Reached XP level 8. HP: 39/39 MP: 5/13
  4828 | D:5      | Reached skill level 6 in Stealth
  5242 | D:5      | Reached skill level 7 in Stealth
  5242 | D:5      | Reached skill level 5 in Evocations
  5559 | D:5      | Found a blossoming altar of Fedhas.
  5559 | D:5      | Found a hide-covered altar of Uskayaw.
  5560 | D:5      | Found an ancient bone altar of Kikubaaqudgha.
  5768 | D:5      | Learned a level 2 spell: Blink
  5867 | D:6      | Reached skill level 1 in Translocations
  6092 | D:6      | Found a staircase to the Ecumenical Temple.
  6092 | D:6      | Noticed Eustachio
  6101 | D:6      | Killed Eustachio
  6108 | Temple   | Entered the Ecumenical Temple
  6164 | Temple   | Became a worshipper of Vehumet
  6290 | D:6      | Reached XP level 9. HP: 45/45 MP: 5/14
  6292 | D:6      | Noticed Blork the orc
  6293 | D:6      | Reached skill level 8 in Stealth
  6300 | D:6      | Killed Blork the orc
  6689 | D:6      | Noticed Edmund
  6728 | D:6      | Killed Edmund
  7247 | D:7      | Found a shimmering altar of Xom.
  7409 | D:7      | Reached skill level 9 in Stealth
  7464 | D:7      | Reached * piety under Vehumet
  7464 | D:7      | Offered knowledge of Foxfire by Vehumet.
  7645 | D:7      | Found a hazy altar of Hepliaklqana.
  8035 | D:7      | Found an iron altar of Okawaru.
  8120 | D:8      | Noticed a two-headed ogre
  8139 | D:8      | Killed a two-headed ogre
  8140 | D:8      | Reached skill level 10 in Stealth
  8266 | D:8      | Reached skill level 5 in Fighting
  8301 | D:8      | Got the Spellbook of the Bruised Friends
  8546 | D:9      | Noticed Psyche
  8557 | D:9      | Killed Psyche
  8558 | D:9      | Reached XP level 10. HP: 35/51 MP: 8/17
  8566 | D:9      | Learned a level 5 spell: Borgnjor's Vile Clutch
  8702 | D:9      | Noticed a cyclops
  8980 | D:9      | Slain by a cyclops

Illustrated notes

Levels and vault maps discovered:
D:1:      minmay_arrival_nine_rooms, layout_basic
D:2:      layout_basic, uniq_terence
D:3:      layout_rooms, lemuel_crystal_altar, old_standard_altar,
          dreamdust_ecumenical_altar_angels_and_demons, uniq_jessica
D:4:      minmay_wonky_spiral, layout_rooms, minmay_crystal_water, uniq_grinder
D:5:      layout_loops_ring, gammafunk_temple_overflow_forgotten, uniq_ijyb,
          uniq_pikel
D:6:      layout_basic, minmay_temple_entry_arrows, mrwooster_statue_mirror,
          uniq_blork_the_orc, uniq_eustachio, uniq_edmund
D:7:      layout_loops_ring, hellmonk_okawaru_the_only_friend_you_need,
          mainiacjoe_overflow_six_doors_small, mainiacjoe_overflow_alcove_2
D:8:      layout_basic
D:9:      layout_irregular_city, nicolae_qazlal_general_emergency,
          due_unseen_surprise, uniq_psyche
Temple:   nicolae_temple_two_arcs

Skill      XL: |  1  2  3  4  5  6  7  8  9 |
---------------+----------------------------+-----
Spellcasting   | 3 4 |  4.7
Poison Magic   | 4 5 6 7 |  7.0
Air Magic      | 1 |  1.0
Conjurations   | 1 |  1.0
Dodging        | 3 5 6 8 |  8.6
Evocations     | 1 4 5 8 |  8.0
Fighting       | 2 3 5 |  5.0
Stealth        | 5 7 10 | 10.2
Translocations | 2 |  2.0
Transmutations | |  1.3

Action                     |  1- 3 |  4- 6 |  7- 9 | 10-12 || total
---------------------------+-------+-------+-------+-------++-------
  Melee: Dagger            |     5 |       |       |       ||     5
         Unarmed           |     2 |       |       |       ||     2
         Short sword       |    10 |    61 |   146 |     4 ||   221
         Punch             |       |       |     3 |       ||     3
   Cast: Sting             |    26 |    20 |     1 |     2 ||    49
         Poisonous Vapours |    19 |    21 |    34 |     5 ||    79
         Olgreb's Toxic Ra |       |     5 |    29 |     1 ||    35
         Mephitic Cloud    |       |       |     1 |     1 ||     2
    Use: Scroll            |     6 |     6 |     7 |       ||    19
         Potion            |       |     1 |       |       ||     1
   Stab: Sleeping          |     1 |     2 |     4 |       ||     7
         Confused          |       |       |       |     1 ||     1
 Armour: Robe              |     5 |     7 |    14 |       ||    26
  Dodge: Dodged            |    22 |    43 |   147 |     2 ||   214
